 Dungeon Crawl Stone Soup version 0.26.0-10-g1f06aea511 (webtiles) character file.

Game seed: 9201448231713146586

5793 MajorAdolf the Covert (level 10, -5/80 HPs)
             Began as a Naga Wanderer on Jan 16, 2021.
             Was an Initiate of Gozag.
             Killed by divine providence
             ... invoked by an orc priest
              (13 damage)
             ... on level 8 of the Dungeon.
             The game lasted 00:21:50 (10273 turns).

MajorAdolf the Covert (Naga Wanderer)              Turns: 10273, Time: 00:21:50

Health: -5/80      AC:  9    Str: 21    XL:     10   Next: 79%
Magic:  1/16       EV:  9    Int: 20    God:    Gozag
Gold:   537        SH:  0    Dex: 12    Spells: 11/17 levels left

rFire    . . .     SeeInvis +   p - +2 short sword (venom)
rCold    . . .     Faith    .   (no shield)
rNeg     . . .     Spirit   .   N - +2 robe
rPois    +         Reflect  .   r - +1 helmet
rElec    .         Harm     .   (no cloak)
rCorr    .         Rampage  .   k - +0 pair of gloves
Will     +....                  (no barding)
Stlth    ++++......             a - amulet of regeneration
HPRegen  0.63/turn              h - +6 ring of strength
MPRegen  0.15/turn              x - +6 ring of intelligence

@: about to teleport, gold aura, studying Fire Magic, very slow
A: large, see invisible, deformed body, poison resistance, slowness 2, spit
poison 1, AC +3
a: Spit Poison, Renounce Religion, Potion Petition, Call Merchant, Bribe Branch


You were on level 8 of the Dungeon.
You worshipped Gozag.
Gozag was pleased with you.
You visited 2 branches of the dungeon, and saw 9 of its levels.
You also visited: Sewer.

You collected 1076 gold pieces.
You paid 539 gold pieces to Gozag.

Inventory:

Hand Weapons
 n - a +4 scimitar
 p - a +2 short sword of venom (weapon)
 t - a +1 dagger of draining
 D - a +1 rapier of speed
Armour
 k - a +0 pair of gloves (worn)
 r - a +1 helmet (worn)
 N - a +2 robe (worn)
Magical Staves
 y - an uncursed staff of earth
Jewellery
 a - an amulet of regeneration (around neck)
 h - a +6 ring of strength (left hand)
 l - an uncursed ring of magical power
 o - an uncursed ring of stealth
 v - an uncursed amulet of regeneration
 w - a +6 ring of strength
 x - a +6 ring of intelligence (right hand)
 C - an uncursed ring of ice {unknown}
 E - an uncursed ring of ice {unknown}
 K - an uncursed amulet of reflection {unknown}
Wands
 d - a wand of iceblast (8)
 f - a wand of digging (3)
 G - a wand of acid (12)
 H - a wand of paralysis (7)
Scrolls
 b - 5 scrolls of remove curse
 g - 2 scrolls of fear {unknown}
 i - a scroll of teleportation
 j - 5 scrolls of amnesia
 s - a scroll of fog {unknown}
 u - a scroll of enchant weapon {unknown}
 L - 3 scrolls of magic mapping
 M - 2 scrolls of noise {unknown}
Potions
 c - 2 potions of attraction {unknown}
 e - 4 potions of resistance
 m - 2 potions of curing {unknown}
 q - a potion of invisibility {unknown}
 z - a potion of magic {unknown}
 B - 2 potions of might
 F - a potion of flight {unknown}
 I - a potion of lignification
 J - a potion of brilliance {unknown}
Books
 A - a manual of Fire Magic


   Skills:
 - Level 2.2 Fighting
 + Level 8.0 Short Blades
 - Level 1.0 Polearms
 - Level 10.0 Stealth
 - Level 1.0 Shields
 - Level 4.0 Spellcasting
 - Level 3.0 Conjurations
 - Level 3.0 Summonings
 + Level 9.2 Fire Magic
 - Level 3.0 Air Magic
 - Level 2.0 Earth Magic
 + Level 9.9 Poison Magic


You had 11 spell levels left.
You knew the following spells:

 Your Spells              Type           Power        Failure   Level
a - Mephitic Cloud        Conj/Pois/Air  25%          4%          3
b - Conjure Flame         Conj/Fire      28%          3%          3

Your spell library contained the following spells:

 Spells                   Type           Power        Failure   Level
 Magic Dart               Conj           64%          3%          1
 Spider Form              Tmut/Pois      11%          4%          3
 Call Imp                 Summ           16%          5%          2
 Animate Skeleton         Necr           8%           13%         1
 Beastly Appendage        Tmut           8%           13%         1
 Blink                    Tloc           N/A          19%         2
 Slow                     Hex            4%           19%         2
 Wereblood                Tmut           4%           19%         2
 Vampiric Draining        Necr           2%           36%         3
 Ice Form                 Ice/Tmut       4%           77%         4
 Blade Hands              Tmut           2%           98%         5


Dungeon Overview and Level Annotations

Branches:
Dungeon (8/15)             Temple (1/1) D:5           Sewer (visited)
   Lair: D:8-11

Altars:
Ashenzari
Cheibriados
Dithmenos
Elyvilon
Fedhas
Gozag
Hepliaklqana
Kikubaaqudgha
Makhleb
Nemelex Xobeh
Okawaru
Qazlal
Ru
Sif Muna
Trog
Uskayaw
Vehumet
Xom
Yredelemnul
Zin
The Shining One

Shops:
D:7 (   D:8 :

Annotations:
D:5 2 runed translucent doors, Crazy Yiuf; kuzco6543's ghost, novice OpEE


Innate Abilities, Weirdness & Mutations

You cannot wear boots.
Your serpentine skin is tough. (AC +3)
You have supernaturally acute eyesight. (SInv)
Armour fits poorly on your strangely shaped body.
Your system is resistant to poisons. (rPois)
You cover ground very slowly.
You can spit poison.


Message History

The orc priest is engulfed in noxious fumes.
The orc priest appears confused.
Unknown command.
You strike the helpless orc priest from behind!
You impale the orc priest!!
You kill the orc priest!
The orc wizard becomes distracted by the nearby gold, dreaming of imaginary riches.
Your Short Blades skill increases to level 8!
Unknown command.
As you read the scroll of teleportation, it crumbles to dust.
You feel strangely unstable.
The orc is engulfed in noxious fumes.
The orc appears confused.
The orc hits you with a +0 morningstar!
* * * LOW HITPOINT WARNING * * *
The orc throws a boomerang.
The boomerang hits you but does no damage.
The orc hits you but does no damage.
The orc priest calls down the wrath of Beogh upon you.
Beogh smites you!
You die...
Your body crumbles into a pile of gold.

....#....#.......##..
...##...##...........
...##...##...........
....................
........##...°...#
........##..○°o..##
..............$...#
................○○#
...............o@o#
..............o○.○'....#
........###########o...#
........##.......# ...#
.................# ..#
.................# o#
.................# .
.................#
.................#


You could see an orc priest, an orc wizard (confused, unaware) and 4 orcs.

Vanquished Creatures
  Harold (D:8)
  Erica (D:8)
  Pikel (D:8)
  Maggie (D:8)
  A troll (D:6)
  A water moccasin (D:6)
  Duvessa (D:6)
  Purgy (Sewer)
  2 orc warriors (D:8)
  An ice beast (D:7)
  3 ogres
  9 centaurs
  A big kobold (Sewer)
  5 bullfrogs
  Dowan (D:6)
  2 scorpions
  9 killer bees
  4 howler monkeys (D:7)
  5 wights
  2 bullfrog zombies
  2 jellies (D:6)
  3 hounds
  3 orc priests (D:8)
  A gnoll shaman (D:5)
  3 orc wizards
  2 iguanas
  6 worker ants
  A worker ant zombie (D:5)
  8 adders
  3 white imps
  An ufetubus (D:6)
  An ooze (D:2)
  An adder zombie (D:6)
  A worm (D:3)
  2 dart slugs
  7 leopard geckos
  15 orcs
  A ball python (D:1)
  13 bats
  9 giant cockroaches
  6 goblins
  4 hobgoblins
  18 jackals
  4 quokkas
  9 frilled lizards
  13 kobolds
  2 rats (D:2)
191 creatures vanquished.

Notes
Turn   | Place    | Note
-------+----------+-------------------------------------------
     0 | D:1      | MajorAdolf the Naga Wanderer began the quest for the Orb.
     0 | D:1      | MajorAdolf set off with the following items: a +0 club, a
                  | potion of lignification, a +0 robe; and the following
                  | spells available to memorise: Call Imp, Animate Skeleton,
                  | Magic Dart, Blink, Slow, Conjure Flame, Mephitic Cloud,
                  | Vampiric Draining
     0 | D:1      | Reached XP level 1. HP: 19/19 MP: 1/1
   321 | D:1      | Reached skill level 2 in Stealth
   341 | D:1      | Reached XP level 2. HP: 26/26 MP: 2/2
   376 | D:1      | Reached skill level 3 in Stealth
  1715 | D:2      | Reached skill level 4 in Stealth
  1715 | D:2      | Reached XP level 3. HP: 24/32 MP: 3/3
  1843 | D:2      | Reached skill level 1 in Short Blades
  2000 | D:2      | Found a glowing silver altar of Zin.
  2347 | D:2      | Found a hazy altar of Hepliaklqana.
  2347 | D:2      | Found a white marble altar of Elyvilon.
  2361 | D:2      | Found a shadowy altar of Dithmenos.
  2368 | D:2      | Reached XP level 4. HP: 31/39 MP: 4/4
  2741 | D:2      | Found a shimmering altar of Xom.
  2815 | D:3      | Reached skill level 5 in Stealth
  3171 | D:3      | Learned a level 3 spell: Mephitic Cloud
  3934 | D:3      | Reached XP level 5. HP: 39/42 MP: 5/5
  3953 | D:3      | Found a faded altar of an unknown god.
  4161 | D:4      | Reached skill level 1 in Poison Magic
  4237 | D:4      | Reached skill level 1 in Conjurations
  4237 | D:4      | Reached skill level 1 in Air Magic
  4282 | D:4      | Reached skill level 1 in Spellcasting
  4406 | D:4      | Reached XP level 6. HP: 42/52 MP: 7/7
  4584 | D:4      | You fall into a shaft and drop 1 floor!
  4584 | D:5      | Entered Level 5 of the Dungeon
  4620 | D:5      | Reached skill level 6 in Stealth
  4679 | D:5      | Found a glowing drain.
  4793 | Sewer    | Entered a sewer
  4907 | Sewer    | Noticed Purgy
  4912 | Sewer    | Killed Purgy
  4913 | Sewer    | Reached XP level 7. HP: 60/60 MP: 9/9
  5126 | D:5      | Found a staircase to the Ecumenical Temple.
  5295 | Temple   | Entered the Ecumenical Temple
  5579 | Temple   | Became a worshipper of Gozag Ym Sagoz the Greedy
  5629 | D:5      | Reached skill level 7 in Stealth
  5862 | D:5      | Found a runed translucent door.
  5862 | D:5      | Noticed kuzco6543's ghost (novice OpEE)
  5878 | D:5      | Found a runed translucent door.
  5879 | D:5      | Noticed Crazy Yiuf
  6037 | D:5      | Reached XP level 8. HP: 67/67 MP: 4/11
  6433 | D:6      | Noticed Duvessa
  6445 | D:6      | Noticed Dowan
  6450 | D:6      | Killed Duvessa
  6467 | D:6      | Killed Dowan
  6508 | D:6      | Reached skill level 8 in Stealth
  6588 | D:6      | Reached skill level 5 in Poison Magic
  6823 | D:6      | Learned a level 3 spell: Conjure Flame
  7153 | D:6      | Reached skill level 1 in Fire Magic
  7671 | D:6      | Reached XP level 9. HP: 41/70 MP: 9/14
  8057 | D:6      | Reached skill level 9 in Stealth
  8128 | D:7      | Found Titeq's Weapon Shop.
  8136 | D:6      | Reached skill level 5 in Short Blades
  8176 | D:7      | Noticed a troll
  8200 | D:6      | Killed a troll
  8482 | D:7      | Reached skill level 10 in Stealth
  8658 | D:7      | Reached skill level 5 in Fire Magic
  9319 | D:8      | Noticed Pikel
  9325 | D:8      | Killed Pikel
  9326 | D:8      | Reached XP level 10. HP: 68/80 MP: 6/16
  9538 | D:8      | Noticed Erica
  9556 | D:8      | Killed Erica
  9727 | D:8      | Noticed Harold
  9743 | D:8      | Killed Harold
  9849 | D:8      | Noticed Maggie
  9887 | D:8      | Killed Maggie
 10273 | D:8      | Killed from afar by an orc priest

Illustrated notes

Levels and vault maps discovered:
D:1:      mrwooster_arrival_statue_3, layout_basic, st_stairs_6
D:2:      layout_basic, zin_statuary, minitemple,
          gammafunk_temple_overflow_statue
D:3:      minmay_chambers_of_twos, layout_basic,
          chequers_ecumenical_altar_twisty, serial_glass, glass_columns_b,
          glass_columns_a, glass_columns_a, glass_columns_b, glass_columns_b,
          glass_columns_c, glass_columns_a, glass_columns_b, glass_columns_a,
          glass_columns_c, glass_columns_c, glass_columns_b, glass_columns_b,
          glass_columns_c
D:4:      layout_basic, kennysheep_mini_moat, roderic_serpentine_path
D:5:      layout_rooms, temple_pool_b, gup_sewer_entry_glass,
          gammafunk_ghost_grave, minmay_manual_mail, uniq_crazy_yiuf_cottage
D:6:      layout_rooms, minivault_11, kennysheep_generic_room_9, uniq_duvessa
D:7:      layout_basic, serial_shops, shop, hangedman_decor_riveting
D:8:      layout_gridville, uniq_grum, uniq_maggie, uniq_erica, uniq_harold,
          uniq_pikel
Temple:   regret_index_temple_sphere_string

Skill      XL: |  1  2  3  4  5  6  7  8  9 10 |
---------------+-------------------------------+-----
Stealth        | 2 4 5 6 7 8 10 | 10.0
Short Blades   | 1 2 3 4 6 8 |  8.0
Poison Magic   | 1 2 3 5 8 9 |  9.9
Conjurations   | 1 2 3 |  3.0
Air Magic      | 1 2 3 |  3.0
Spellcasting   | 1 2 3 4 |  4.0
Fire Magic     | 2 6 9 |  9.2
Fighting       | |  2.2
Polearms       | |  1.0
Shields        | |  1.0
Summonings     | |  3.0
Earth Magic    | |  2.0

Action                   |  1- 3 |  4- 6 |  7- 9 | 10-12 || total
-------------------------+-------+-------+-------+-------++-------
Melee: Club              |     9 |       |       |       ||     9
       Dagger            |    76 |   225 |   316 |    56 ||   673
       Scimitar          |       |       |    68 |       ||    68
       Short sword       |       |       |       |    36 ||    36
 Cast: Mephitic Cloud    |       |       |    26 |    20 ||    46
Invok: Call Merchant     |       |       |       |     1 ||     1
 Abil: Spit Poison       |     8 |     4 |     9 |     4 ||    25
Evoke: Wand              |       |       |     4 |     3 ||     7
  Use: Scroll            |       |     7 |     1 |     1 ||     9
       Potion            |       |     1 |       |       ||     1
 Stab: Sleeping          |     5 |     3 |    11 |     1 ||    20
       Confused          |       |       |    19 |    14 ||    33
       Distracted        |       |       |     2 |       ||     2
Armor: Robe              |    13 |   106 |   103 |    12 ||   234
       Skin              |       |     2 |       |       ||     2
Dodge: Dodged            |    38 |   128 |   175 |    38 ||   379
       Rpst.: Scimitar   |       |       |    17 |       ||    17
